 Dungeon Crawl Stone Soup version 0.21-a0-401-g0b6bec4 (webtiles) character file.

116 tof the Slasher (level 4, -1/40 HPs)
             Began as a Minotaur Monk on Oct 25, 2017.
             Succumbed to a hornet's poison
             ... on level 3 of the Dungeon.
             The game lasted 00:01:48 (1745 turns).

tof the Slasher (Minotaur Monk)                     Turns: 1745, Time: 00:01:49

Health: -1/40      AC: 12    Str: 16    XL:     4   Next: 69%
Magic:  3/3        EV:  8    Int:  7    God:
Gold:   169        SH:  0    Dex: 13    Spells: 3/3 levels left

rFire    . . .     SeeInvis .   a - +0 falchion
rCold    . . .     Gourm    .   (no shield)
rNeg     . . .     Faith    .   q - +0 chain mail
rPois    .         Spirit   .   n - +2 hat
rElec    .         Reflect  .   (no cloak)
rCorr    .         Harm     .   m - +0 pair of gloves
MR       .....                  (no boots)
Stlth    ..........             (no amulet)
HPRegen  0.13/turn              (no ring)
MPRegen  0.08/turn              (no ring)

@: lethally poisoned (-1 -> -24), slowed, very slow
A: retaliatory headbutt, horns 2
a: no special abilities


You were on level 3 of the Dungeon.
You were hungry.

You visited 1 branch of the dungeon, and saw 3 of its levels.

You collected 169 gold pieces.

Inventory:

Hand Weapons
 a - a +0 falchion (weapon)
Armour
 m - a +0 pair of gloves (worn)
 n - a +2 hat (worn)
 q - a +0 chain mail (worn)
Scrolls
 f - 3 scrolls of enchant weapon {unknown}
 h - 2 scrolls of remove curse {unknown}
 i - 2 scrolls of magic mapping {unknown}
 j - a scroll of immolation {unknown}
 l - a scroll of fear {unknown}
 u - a scroll of identify {unknown}
 v - a scroll of teleportation {unknown}
Potions
 b - 2 potions of agility {unknown}
 e - a potion of mutation {unknown}
 g - a potion of lignification {unknown}
 k - a potion of invisibility {unknown}
 p - a potion of flight {unknown}
 r - a potion of magic {unknown}
 s - a potion of curing {unknown}
 t - 2 potions of degeneration {unknown}
Comestibles
 c - 2 bread rations
 d - 2 fruits
 o - 2 royal jellies


   Skills:
 + Level 4.2 Fighting
 * Level 4.8 Long Blades
 * Level 2.8 Armour
 + Level 3.8 Dodging
 - Level 1.5 Stealth


You had 3 spell levels left.
You didn't know any spells.

Dungeon Overview and Level Annotations

Branches:
Dungeon (3/15)

Altars:


Innate Abilities, Weirdness & Mutations

You reflexively headbutt those who attack you in melee.
You have a pair of horns on your head.


Message History

The hornet is severely wounded.
* * * LOW HITPOINT WARNING * * *
You feel sick.
The hornet stings you but does no damage.
The hornet stings you.
* * * LOW HITPOINT WARNING * * *
You are more poisoned.
You feel yourself slow down.
You hit the hornet but do no damage.
The hornet is severely wounded.
* * * LOW HITPOINT WARNING * * *
You feel very sick. The hornet stings you.
* * * LOW HITPOINT WARNING * * *
You feel as though you will be slow longer.
The hornet misses you.
You riposte.
You closely miss the hornet.
The hornet is severely wounded.
You closely miss the hornet.
The hornet is severely wounded.
You die... ######################## ......y@................ ########################

You could see a hornet.

Vanquished Creatures
  Natasha (D:2)
  3 adders
  An ooze (D:2)
  2 worms (D:2)
  2 dart slugs (D:2)
  An orc (D:3)
  2 ball pythons (D:2)
  4 bats
  A giant cockroach (D:3)
  5 goblins
  7 hobgoblins
  4 jackals (D:2)
  5 kobolds
  3 quokkas
  4 frilled lizards
  5 rats
50 creatures vanquished.

Notes
Turn   | Place    | Note
-------+----------+-------------------------------------------
     0 | D:1      | tof the Minotaur Monk began the quest for the Orb.
     0 | D:1      | Reached XP level 1. HP: 19/19 MP: 0/0
   209 | D:1      | Reached skill level 1 in Armour
   213 | D:1      | Reached XP level 2. HP: 25/27 MP: 1/1
   672 | D:2      | Reached XP level 3. HP: 33/33 MP: 2/2
  1168 | D:2      | Noticed Natasha
  1172 | D:2      | Killed Natasha
  1172 | D:2      | Reached XP level 4. HP: 36/40 MP: 3/3
  1734 | D:3      | Noticed a hornet
  1740 | D:3      | Paralysed by a hornet for 1 turns
  1744 | D:3      | HP: 2/40 [hornet (4)]
  1745 | D:3      | Succumbed to a hornet's poison

Vault maps used:
D:1:      evilmike_arrival_rings
D:2:      uniq_natasha
D:3:      first_bread, kennysheep_generic_room_10

Skill      XL: |  1  2  3 |
---------------+----------+-----
Armour         | 1 2 |  2.8
Long Blades    | 4 |  4.8
Fighting       | 4 |  4.2
Dodging        | |  3.8
Stealth        | |  1.5

Action                   |  1- 3 |  4- 6 || total
-------------------------+-------+-------++-------
Melee: Falchion          |    65 |    27 ||    92
       Headbutt          |    14 |     7 ||    21
  Eat: Chunk             |     1 |     1 ||     2
Armor: Robe              |     1 |       ||     1
       Leather armour    |    11 |       ||    11
       Chain mail        |    22 |    12 ||    34
Dodge: Dodged            |    30 |    17 ||    47
       Rpst.: Falchion   |     6 |     6 ||    12

Table legend:
 A = Spawn XP
 B = Non-spawn XP
 C = Spawn XP percentage of total XP
 D = Spawn monster count
 E = Non-spawn monster count
 F = Spawn count percentage of total count
 G = Total turns spent on level
                    A         B        C        D         E        F      G
               +---------+---------+-------+---------+---------+-------+---------
         Total |       0 |     166 |   0.0 |       0 |      50 |   0.0 |  1745
               +---------+---------+-------+---------+---------+-------+---------
           D:1 |       0 |      20 |   0.0 |       0 |      12 |   0.0 |   520
           D:2 |       0 |     120 |   0.0 |       0 |      30 |   0.0 |   940
           D:3 |       0 |      26 |   0.0 |       0 |       8 |   0.0 |   285
               +---------+---------+-------+---------+---------+-------+---------
